 Dungeon Crawl Stone Soup version 0.20-a0-947-g2784f4f (webtiles) character file.

347 Duffy the Conjurer (level 6, 36/36 HPs)
             Began as a Demonspawn Fire Elementalist on Apr 2, 2017.
             Quit the game on level 3 of the Dungeon.
             The game lasted 00:05:09 (3266 turns).

Duffy the Conjurer (Demonspawn Fire Elementalist)   Turns: 3266, Time: 00:05:10

Health: 36/36      AC:  7    Str:  9    XL:     6   Next: 33%
Magic:  11/11      EV: 12    Int: 18    God:
Gold:   106        SH:  0    Dex: 11    Spells: 4/12 levels left

rFire    . . .     SeeInvis +   e - +1 dagger (elec)
rCold    . . .     Gourm    .   (no shield)
rNeg     . . .     Faith    .   a - +0 robe
rPois    .         Spirit   .   m - +1 hat
rElec    .         Reflect  .   (no cloak)
rCorr    .         Harm     .   (no gloves)
MR       .....                  (no boots)
Stlth    ++........             (no amulet)
Regen    0.2/turn               (no ring)
MPRegen  0.2/turn               (no ring)

@: no status effects
A: antennae 1, iridescent scales 2, see invisible, clumsy 1, demonic guardian 1,
frail 1
a: no special abilities


You were on level 3 of the Dungeon.
You were not hungry.

You visited 1 branch of the dungeon, and saw 3 of its levels.

You collected 106 gold pieces.

Inventory:

Hand Weapons
 e - a +1 dagger of electrocution (weapon)
Armour
 a - a +0 robe (worn)
 m - a +1 hat (worn)
Wands
 t - a wand of digging (12/24)
Scrolls
 f - 2 scrolls of immolation
 g - 2 scrolls of teleportation {unknown}
 h - a scroll of blinking {unknown}
 j - a scroll of noise {unknown}
 p - a scroll of enchant weapon {unknown}
 s - 2 scrolls of enchant armour {unknown}
Potions
 i - a potion of curing
 k - a potion of brilliance
 n - a potion of cancellation
 q - a potion of ambrosia
Books
 b - a book of Flames

   Spells                             Type                      Level
   a - Flame Tongue                   Conjuration/Fire             1
   b - Throw Flame                    Conjuration/Fire             2
   c - Conjure Flame                  Conjuration/Fire             3
   d - Inner Flame                    Hexes/Fire                   3
   e - Sticky Flame                   Conjuration/Fire             4
   f - Fireball                       Conjuration/Fire             5
Comestibles
 c - 7 bread rations
 l - 2 meat rations
 r - 7 fruits


   Skills:
 - Level 1.7 Dodging
 - Level 1.7 Stealth
 + Level 3.8 Spellcasting
 * Level 4.3 Conjurations
 * Level 3.9 Fire Magic


You had 4 spell levels left.
You knew the following spells:

 Your Spells              Type           Power        Failure   Level  Hunger
h - Flame Tongue          Conj/Fire      ###..        2%          1    None
l - Conjure Flame         Conj/Fire      ###.....     10%         3    ###....
n - Sticky Flame          Conj/Fire      ###.....     28%         4    ####...


Dungeon Overview and Level Annotations

Branches:
Dungeon (3/15)

Altars:


Innate Abilities, Weirdness & Mutations

You have a pair of small antennae on your head.
You are mostly covered in iridescent scales. (AC +4)
A weak demonic guardian rushes to your aid.
You have supernaturally acute eyesight. (SInv)
You are clumsy. (Dex -2)
You are frail. (-10% HP)


Message History

You have reached level 6!
Your experience leads to an increase in your attributes!
Increase (S)trength, (I)ntelligence, or (D)exterity?
You feel clever.
Your demonic ancestry asserts itself...
You feel the presence of a demonic guardian.
You start resting.
HP restored.
You feel extremely strange.
You no longer feel jittery.
Your beak shortens and softens into a mouth.
Your connection to magic feels subdued.
You feel nature experimenting on you.
Don't worry, failures die fast.
Your system partially rejects the healing effects of potions.
Your fingernails lengthen.
You feel extremely strange. Nature stops experimenting on you.
Your fingernails shrink to normal size.
Your magic regains its normal vibrancy.
Your system completely accepts the healing effects of potions.
You feel frail.
You feel clumsy.
Your vision sharpens.
Are you sure you want to abandon this character and quit the game? (Confirm with "yes".)

#.....#.##.########.#.#.#
#.....#.##.########.#.#.#
#######.................#
#........#.#######....#.#
#.....................#..
...........#######....#..
................<#....#..
.................#....#..
#.#######@................
#.#######.........###.....
#.......................>.
#..#######################
..... ......W .......
....... .####..


There were no monsters in sight!

Vanquished Creatures
  The ghost of HUIXAX the Covert, an amateur SpAs (D:3)
  An orc wizard (D:3)
  4 gnolls (D:3)
  5 adders
  2 oozes
  A worm (D:2)
  2 dart slugs
  A leopard gecko (D:1)
  4 orcs (D:3)
  2 giant cockroaches (D:1)
  11 goblins
  5 hobgoblins
  4 jackals
  A quokka (D:2)
  6 bats
  4 frilled lizards
  8 kobolds
  13 rats
75 creatures vanquished.

Notes
Turn   | Place    | Note
-------+----------+-------------------------------------------
     0 | D:1      | Duffy the Demonspawn Fire Elementalist began the quest for the Orb.
     0 | D:1      | Reached XP level 1. HP: 13/13 MP: 3/3
   253 | D:1      | Gained mutation: You are partially covered in iridescent scales. (AC +2) [demonic ancestry]
   253 | D:1      | Reached XP level 2. HP: 19/19 MP: 1/5
   560 | D:1      | Reached skill level 2 in Conjurations
  1131 | D:2      | Reached XP level 3. HP: 24/24 MP: 7/7
  1140 | D:2      | Learned a level 3 spell: Conjure Flame
  1147 | D:2      | Gained mutation: You can translocate small distances at will. [potion of mutation]
  1147 | D:2      | Gained mutation: You have a beak for a mouth. [potion of mutation]
  1405 | D:2      | Gained mutation: You have a pair of small antennae on your head. [demonic ancestry]
  1405 | D:2      | Reached XP level 4. HP: 30/30 MP: 6/8
  1555 | D:2      | Reached skill level 3 in Conjurations
  1655 | D:2      | Learned a level 4 spell: Sticky Flame
  2184 | D:3      | Gained mutation: You are mostly covered in iridescent scales. (AC +4) [demonic ancestry]
  2184 | D:3      | Reached XP level 5. HP: 34/35 MP: 3/10
  2340 | D:3      | Noticed HUIXAX's ghost (amateur SpAs)
  3243 | D:3      | Killed HUIXAX's ghost
  3243 | D:3      | Reached skill level 4 in Conjurations
  3243 | D:3      | Gained mutation: A weak demonic guardian rushes to your aid. [demonic ancestry]
  3243 | D:3      | Reached XP level 6. HP: 38/41 MP: 11/11
  3264 | D:3      | Lost mutation: You can translocate small distances at will. [potion of mutation]
  3264 | D:3      | Lost mutation: You have a beak for a mouth. [potion of mutation]
  3264 | D:3      | Gained mutation: Your spells are a little easier to cast, but a little less powerful. [potion of mutation]
  3264 | D:3      | Gained mutation: You evolve. [potion of mutation]
  3264 | D:3      | Gained mutation: Potions are less effective at restoring your health. [potion of mutation]
  3264 | D:3      | Gained mutation: You have sharp fingernails. [potion of mutation]
  3265 | D:3      | Lost mutation: You evolve. [potion of mutation]
  3265 | D:3      | Lost mutation: You have sharp fingernails. [potion of mutation]
  3265 | D:3      | Lost mutation: Your spells are a little easier to cast, but a little less powerful. [potion of mutation]
  3265 | D:3      | Lost mutation: Potions are less effective at restoring your health. [potion of mutation]
  3265 | D:3      | Gained mutation: You are frail. (-10% HP) [potion of mutation]
  3265 | D:3      | Gained mutation: You are clumsy. (Dex -2) [potion of mutation]
  3265 | D:3      | Gained mutation: You have supernaturally acute eyesight. (SInv) [potion of mutation]
  3266 | D:3      | Quit the game

Vault maps used:
D:1:      mainiacjoe_arrival_reflecting_pool
D:2:      first_bread, minmay_joined_circles
D:3:      bh_walls_and_bars

Skill      XL: |  1  2  3  4  5 |
---------------+----------------+-----
Conjurations   | 2 3 4 |  4.3
Spellcasting   | 3 |  3.8
Fire Magic     | 3 |  3.9
Dodging        | |  1.7
Stealth        | |  1.7

Action                   |  1- 3 |  4- 6 || total
-------------------------+-------+-------++-------
Melee: Dagger            |    37 |    76 ||   113
       Peck              |       |     9 ||     9
 Cast: Flame Tongue      |    29 |    56 ||    85
  Use: Scroll            |     4 |     3 ||     7
       Potion            |     1 |     2 ||     3
 Stab: Sleeping          |     3 |     1 ||     4
       Distracted        |     1 |       ||     1
  Eat: Chunk             |     2 |     6 ||     8
Armor: Robe              |    15 |    35 ||    50
Dodge: Dodged            |    28 |    45 ||    73
